3AA
OTTAWA NATIONALS @ BILLINGS POLAR BEARS
09/14/2034
 
TOP OF THE 1ST
Ottawa Nationals batting - Pitching for Billings Polar Bears : RHP Paco Rojas
Pitching: RHP Paco Rojas
Batting: RHB José Bumgarnor 0-0: Ground out 1-3 (Groundball, 13)
Batting: LHB Don McGhee 0-0: Called Strike
0-1: Ground out 4-3 (Groundball, 4)
Batting: LHB Alan Shaw 0-0: Called Strike
0-1: Called Strike
0-2: Ball
1-2: Ball
2-2: Ground out 4-3 (Groundball, 4)
Top of the 1st over - 0 runs, 0 hits, 0 errors, 0 left on base; Ottawa 0 - Billings 0
BOTTOM OF THE 1ST
Billings Polar Bears batting - Pitching for Ottawa Nationals : RHP Stanley Kent
Pitching: RHP Stanley Kent
Batting: RHB Cody Jaeckel 0-0: Foul Ball, location: 2F
0-1: Swinging Strike
0-2: Strikes out looking
Batting: LHB Phil MacNamara 0-0: SINGLE (Groundball, 6MD)
Batting: RHB Lynwood Dimartínez 0-0: Called Strike
0-1: Ball
1-1: Called Strike
1-2: Ball
2-2: Foul Ball, location: 2F
2-2: Ball
3-2: Ground out 3-1 (Groundball, 34S)
Phil MacNamara to second
Batting: RHB Luis Pérez 0-0: Ball
1-0: Ground out 6-3 (Groundball, 6)
Bottom of the 1st over - 0 runs, 1 hit, 0 errors, 1 left on base; Ottawa 0 - Billings 0
TOP OF THE 2ND
Ottawa Nationals batting - Pitching for Billings Polar Bears : RHP Paco Rojas
Batting: RHB Zack McLean 0-0: Called Strike
0-1: Ball
1-1: Foul Ball, location: 2F
1-2: Strikes out swinging
Batting: RHB Yang-joo Pak 0-0: Ball
1-0: Fly out, F8 (Flyball, 8LD)
Batting: RHB Cheh Zhi 0-0: Ball
1-0: SINGLE (Line Drive, 5L)
Batting: RHB Manuel Vroonland 0-0: Ball
1-0: Called Strike
1-1: Ball
2-1: Foul Ball, location: 2F
2-2: DOUBLE (Line Drive, 8LD)
Cheh Zhi to third
Batting: RHB Bartho Simonse 0-0: Called Strike
0-1: Ball
1-1: Called Strike
1-2: Ball
2-2: Strikes out looking
Top of the 2nd over - 0 runs, 2 hits, 0 errors, 2 left on base; Ottawa 0 - Billings 0
BOTTOM OF THE 2ND
Billings Polar Bears batting - Pitching for Ottawa Nationals : RHP Stanley Kent
Batting: RHB Mick Spargo 0-0: Called Strike
0-1: Ball
1-1: Ball
2-1: Ball
3-1: Base on Balls
Batting: RHB Patrick Pupovac 0-0: Fly out, F9 (Flyball, 9)
Batting: SHB Goro Yokoyama 0-0: Ball
1-0: Called Strike
1-1: Foul Ball, location: 2F
1-2: Ball
2-2: Ball
3-2: Base on Balls
Mick Spargo to second
Batting: RHB Juan Ortíz 0-0: Called Strike
0-1: Ball
1-1: Called Strike
1-2: Foul Ball, location: 2F
1-2: Strikes out looking
Batting: RHB Corey Dudding 0-0: Called Strike
0-1: Fly out, F9 (Flyball, 9LSF)
Bottom of the 2nd over - 0 runs, 0 hits, 0 errors, 2 left on base; Ottawa 0 - Billings 0
TOP OF THE 3RD
Ottawa Nationals batting - Pitching for Billings Polar Bears : RHP Paco Rojas
Batting: LHB Tony Rodríguez 0-0: Ball
1-0: Foul Ball, location: 2F
1-1: Fly out, F8 (Flyball, 78M)
Batting: RHB José Bumgarnor 0-0: Ball
1-0: SINGLE (Line Drive, 78S)
Batting: LHB Don McGhee 0-0: Called Strike
José Bumgarnor steals 2nd base
0-1: Ball
1-1: Fly out, F9 (Flyball, 9)
Batting: LHB Alan Shaw 0-0: Ball
1-0: Ball
2-0: Swinging Strike
2-1: Ball
3-1: Foul Ball, location: 2F
3-2: Foul Ball, location: 2F
3-2: Strikes out swinging
Top of the 3rd over - 0 runs, 1 hit, 0 errors, 1 left on base; Ottawa 0 - Billings 0
BOTTOM OF THE 3RD
Billings Polar Bears batting - Pitching for Ottawa Nationals : RHP Stanley Kent
Batting: RHB Cody Jaeckel 0-0: Fly out, F7 (Flyball, 7D)
Batting: LHB Phil MacNamara 0-0: Ball
1-0: Ball
2-0: Ball
3-0: Called Strike
3-1: Base on Balls
Batting: RHB Lynwood Dimartínez 0-0: Foul Ball, location: 2F
0-1: Called Strike
0-2: Fly out, F7 (Line Drive, 7S)
Batting: RHB Luis Pérez 0-0: Fly out, F7 (Flyball, 78XD)
Bottom of the 3rd over - 0 runs, 0 hits, 0 errors, 1 left on base; Ottawa 0 - Billings 0
TOP OF THE 4TH
Ottawa Nationals batting - Pitching for Billings Polar Bears : RHP Paco Rojas
Batting: RHB Zack McLean 0-0: Foul Ball, location: 2F
0-1: Ball
1-1: Fly out, F3 (Line Drive, 3L)
Batting: RHB Yang-joo Pak 0-0: Ball
1-0: Hit by Pitch
Batting: RHB Cheh Zhi 0-0: Ball
1-0: Ball
2-0: SINGLE (Line Drive, 78S)
Yang-joo Pak to second
Batting: RHB Manuel Vroonland 0-0: Ball
1-0: Called Strike
1-1: Foul Ball, location: 2F
1-2: Foul Ball, location: 2F
1-2: Ball
2-2: DOUBLE (Line Drive, 7LM)
Yang-joo Pak scores
Cheh Zhi to third
Runner from 3rd tries for Home, SAFE, no throw
Pitching: RHP Roberto Roque
Batting: RHB Bartho Simonse 0-0: Called Strike
0-1: Swinging Strike
0-2: Strikes out looking
Batting: LHB Tony Rodríguez 0-0: Ball
1-0: Called Strike
1-1: SINGLE (Flyball, 78M)
Manuel Vroonland to third
Runner from 3rd tries for Home, SAFE, throw made home
Batting: RHB José Bumgarnor 0-0: Called Strike
0-1: Ball
1-1: Fly out, F7 (Line Drive, 7)
Top of the 4th over - 3 runs, 3 hits, 0 errors, 1 left on base; Ottawa 3 - Billings 0
BOTTOM OF THE 4TH
Billings Polar Bears batting - Pitching for Ottawa Nationals : RHP Stanley Kent
Batting: RHB Mick Spargo 0-0: Called Strike
0-1: Ball
1-1: Ball
2-1: Ball
3-1: Base on Balls
Batting: RHB Patrick Pupovac 0-0: Fly out, F9 (Flyball, 9)
Batting: SHB Goro Yokoyama 0-0: Ball
1-0: Ball
2-0: Foul Ball, location: 2F
2-1: Ball
3-1: Called Strike
3-2: Foul Ball, location: 2F
3-2: Strikes out swinging
Batting: RHB Juan Ortíz 0-0: Ball
1-0: Ball
2-0: Fielders Choice at 2nd, 6-4 (Groundball, 6)
Bottom of the 4th over - 0 runs, 0 hits, 0 errors, 1 left on base; Ottawa 3 - Billings 0
TOP OF THE 5TH
Ottawa Nationals batting - Pitching for Billings Polar Bears : RHP Roberto Roque
Batting: LHB Don McGhee 0-0: Called Strike
0-1: Ball
1-1: Ball
2-1: Swinging Strike
2-2: Strikes out swinging
Batting: LHB Alan Shaw 0-0: Ball
1-0: Foul Ball, location: 2F
1-1: Ball
2-1: Swinging Strike
2-2: Fly out, F9 (Flyball, 9)
Batting: RHB Zack McLean 0-0: Called Strike
0-1: Ball
1-1: Foul Ball, location: 2F
1-2: Strikes out swinging
Top of the 5th over - 0 runs, 0 hits, 0 errors, 0 left on base; Ottawa 3 - Billings 0
BOTTOM OF THE 5TH
Billings Polar Bears batting - Pitching for Ottawa Nationals : RHP Stanley Kent
Batting: RHB Corey Dudding 0-0: Called Strike
0-1: Foul Ball, location: 2F
0-2: Strikes out looking
Batting: RHB Cody Jaeckel 0-0: Called Strike
0-1: Ground out 6-3 (Groundball, 6)
Batting: LHB Phil MacNamara 0-0: Called Strike
0-1: Ball
1-1: TRIPLE (Flyball, 9LD)
Batting: RHB Lynwood Dimartínez 0-0: Ball
1-0: Called Strike
1-1: Fly out, F9 (Line Drive, 9)
Bottom of the 5th over - 0 runs, 1 hit, 0 errors, 1 left on base; Ottawa 3 - Billings 0
TOP OF THE 6TH
Ottawa Nationals batting - Pitching for Billings Polar Bears : RHP Roberto Roque
Batting: RHB Yang-joo Pak 0-0: Ball
1-0: Foul Ball, location: 2F
1-1: Fly out, F8 (Flyball, 8RM)
Batting: RHB Cheh Zhi 0-0: Ball
1-0: Ground out 4-3 (Groundball, 4MD)
Batting: RHB Manuel Vroonland 0-0: Foul Ball, location: 2F
0-1: Ball
1-1: Ground out U3 (Groundball, 34S)
Top of the 6th over - 0 runs, 0 hits, 0 errors, 0 left on base; Ottawa 3 - Billings 0
BOTTOM OF THE 6TH
Billings Polar Bears batting - Pitching for Ottawa Nationals : RHP Stanley Kent
Batting: RHB Luis Pérez 0-0: SINGLE (Line Drive, 78S)
Batting: RHB Mick Spargo 0-0: Called Strike
0-1: Called Strike
0-2: Strikes out swinging
Batting: RHB Patrick Pupovac 0-0: Ball
1-0: Swinging Strike
1-1: Ball
2-1: Called Strike
2-2: Ball
3-2: Strikes out swinging
Batting: SHB Goro Yokoyama 0-0: Fielders Choice at 2nd, 6-4 (Groundball, 6)
Bottom of the 6th over - 0 runs, 1 hit, 0 errors, 1 left on base; Ottawa 3 - Billings 0
TOP OF THE 7TH
Ottawa Nationals batting - Pitching for Billings Polar Bears : RHP Roberto Roque
Batting: RHB Bartho Simonse 0-0: Ball
1-0: Fly out, F7 (Flyball, 7S)
Batting: LHB Tony Rodríguez 0-0: Foul Ball, location: 2F
0-1: Fly out, F7 (Flyball, 7)
Batting: RHB José Bumgarnor 0-0: Ground out 6-3 (Groundball, 6)
Top of the 7th over - 0 runs, 0 hits, 0 errors, 0 left on base; Ottawa 3 - Billings 0
BOTTOM OF THE 7TH
Billings Polar Bears batting - Pitching for Ottawa Nationals : RHP Stanley Kent
Batting: RHB Juan Ortíz 0-0: Ball
1-0: Ball
2-0: Swinging Strike
2-1: Ball
3-1: Base on Balls
Batting: RHB Corey Dudding 0-0: Called Strike
0-1: Fly out, F4 (Popup, 4)
Batting: RHB Cody Jaeckel 0-0: Ball
1-0: Ball
2-0: Foul Ball, location: 2F
2-1: Foul Ball, location: 2F
2-2: Ball
3-2: 2-RUN HOME RUN (Flyball, 7D), Distance : 380 ft
Pitching: RHP Ken Dundee
Batting: LHB Phil MacNamara 0-0: Ball
1-0: Swinging Strike
1-1: Fly out, F7 (Line Drive, 7)
Batting: RHB Lynwood Dimartínez 0-0: Called Strike
0-1: DOUBLE (Flyball, 78D)
Batting: RHB Luis Pérez 0-0: Ball
1-0: Called Strike
1-1: Ground out 5-3 (Groundball, 56D)
Bottom of the 7th over - 2 runs, 2 hits, 0 errors, 1 left on base; Ottawa 3 - Billings 2
TOP OF THE 8TH
Ottawa Nationals batting - Pitching for Billings Polar Bears : RHP Roberto Roque
Batting: LHB Don McGhee 0-0: Foul Ball, location: 2F
0-1: DOUBLE (Line Drive, 7LM)
Batting: LHB Alan Shaw 0-0: Called Strike
0-1: Foul Ball, location: 2F
0-2: Ball
1-2: Strikes out swinging
Batting: RHB Zack McLean 0-0: Intentional Walk
Batting: RHB Yang-joo Pak 0-0: Ball
1-0: Swinging Strike
1-1: Swinging Strike
1-2: Strikes out looking
Batting: RHB Cheh Zhi 0-0: Ball
1-0: Ball
2-0: Called Strike
2-1: Foul Ball, location: 2F
2-2: SINGLE (Line Drive, 7S)
Don McGhee to third
Zack McLean to second
Runner from 3rd tries for Home, SAFE, no throw
Batting: RHB Manuel Vroonland 0-0: Ball
1-0: Ball
2-0: Foul Ball, location: 2F
2-1: Ground out 4-3 (Groundball, 4S)
Top of the 8th over - 1 run, 2 hits, 0 errors, 2 left on base; Ottawa 4 - Billings 2
BOTTOM OF THE 8TH
Billings Polar Bears batting - Pitching for Ottawa Nationals : RHP Ken Dundee
Batting: RHB Mick Spargo 0-0: Called Strike
0-1: Swinging Strike
0-2: Strikes out swinging
Batting: RHB Patrick Pupovac 0-0: Ball
1-0: Swinging Strike
1-1: SINGLE (Line Drive, 89S)
Batting: SHB Goro Yokoyama 0-0: Ball
1-0: Ball
2-0: Called Strike
2-1: Called Strike
2-2: Strikes out swinging
Batting: RHB Juan Ortíz 0-0: Ball
1-0: Called Strike
1-1: Foul Ball, location: 2F
1-2: Foul Ball, location: 2F
1-2: Foul Ball, location: 2F
1-2: Foul Ball, location: 2F
1-2: Strikes out swinging
Bottom of the 8th over - 0 runs, 1 hit, 0 errors, 1 left on base; Ottawa 4 - Billings 2
TOP OF THE 9TH
Ottawa Nationals batting - Pitching for Billings Polar Bears : RHP Roberto Roque
Batting: RHB Bartho Simonse 0-0: Ball
1-0: Ball
2-0: Called Strike
2-1: Fly out, F5 (Popup, 5SF)
Batting: LHB Tony Rodríguez 0-0: Called Strike
0-1: Ball
1-1: Ground out U3 (Groundball, 34S)
Batting: RHB José Bumgarnor 0-0: Foul Ball, location: 2F
0-1: Ground out 3-1 (Groundball, 34S)
Top of the 9th over - 0 runs, 0 hits, 0 errors, 0 left on base; Ottawa 4 - Billings 2
BOTTOM OF THE 9TH
Billings Polar Bears batting - Pitching for Ottawa Nationals : RHP Ken Dundee
Pitching: LHP Dong Zhŕo
Batting: RHB Corey Dudding 0-0: DOUBLE (Line Drive, 7LS)
Batting: RHB Cody Jaeckel 0-0: Swinging Strike
0-1: Ball
1-1: Fly out, F7 (Flyball, 7)
Pitching: RHP Walid bin Amid
Batting: LHB Phil MacNamara 0-0: SINGLE (Groundball, 4S) (infield hit)
Corey Dudding to third
Batting: RHB Lynwood Dimartínez 0-0: Called Strike
0-1: Fly out, F8 (Flyball, 8RM)
Batting: RHB Luis Pérez 0-0: Called Strike
0-1: Fielders Choice at 2nd, 5-4 (Groundball, 56)
Bottom of the 9th over - 0 runs, 2 hits, 0 errors, 2 left on base; Ottawa 4 - Billings 2
Friday, March 29th, 2019 - OOTP Baseball 18.8 Build 76